Map: Ascension vers Aïur EC

Players

zidar

  • Race: Zerg Zerg
  • League: Gold
  • Spawn Location: 11:00

Dangerdoran - Winner!

  • Race: Protoss Protoss
  • League: Gold
  • Spawn Location: 5:00

VOD

Have the link to the VOD?

Description

Time

  • Played on: June 27, 2017, 11:24 a.m.
  • Length: 7:51
Show
View Real Time Build Order
Export as new Build Order

zidar Zerg 

Build Orders: Pool First 

Get SALT Encoding   

  12  0:01  Drone  
  13  0:13  Overlord  
  13  0:17  Drone  
  14  0:33  Drone x2  
  16  0:44  Spawning Pool  
  16  0:45  Drone  
  16  1:11  Hatchery  
  15  1:12  Drone  
  15  1:15  Drone  
  17  1:19  Extractor  
  17  1:20  Drone  
  17  1:42  Queen  
  19  1:51  Zergling x2  
  19  1:52  Zergling x2  
  21  2:25  Roach Warren, Queen  
  22  2:31  Drone  
  22  2:32  Drone x2  
  25  2:38  Drone x2  
  27  3:00  Extractor  
  26  3:07  Roach  
  26  3:10  Overlord x3  
  28  3:36  Roach x7  
  28  3:37  Roach, Zergling x4  
  46  3:59  Overlord  
  46  4:00  Overlord x2  
  46  4:18  Roach x3  
  46  4:19  Zergling x2  
  48  4:49  Ravager  
  49  4:55  Ravager x2  
  49  4:58  Ravager  
  47  5:41  Roach x8  
  48  6:19  Roach x9  
  48  6:22  Ravager  
  67  6:25  Zergling x2  
Show
View Real Time Build Order
Export as new Build Order

Dangerdoran Protoss - Winner!

Build Orders: 1 Gate Expand 

Get SALT Encoding   

  12  0:01  Probe (Chrono Boost)  
  13  0:11  Probe (Chrono Boost)  
  14  0:20  Pylon  
  14  0:23  Probe (Chrono Boost)  
  15  0:38  Probe (Chrono Boost)  
  15  0:39  Gateway  
  16  0:48  Probe (Chrono Boost)  
  17  0:51  Assimilator  
  17  0:59  Probe (Chrono Boost)  
  18  1:23  Nexus  
  18  1:35  Cybernetics Core  
  18  1:44  Assimilator  
  18  1:45  Probe (Chrono Boost)  
  19  2:02  Gateway  
  19  2:15  Adept (Chrono Boost)  
  20  2:16  Warp Gate (Chrono Boost)  
  20  2:19  Probe (Chrono Boost)  
  21  2:33  Mothership Core  
  21  2:35  Probe  
  24  2:51  Pylon  
  24  2:52  Stalker  
  24  2:54  Probe  
  27  3:04  Probe  
  28  3:06  Probe  
  28  3:11  Robotics Facility  
  29  3:16  Probe  
  29  3:18  Probe  
  31  3:41  Probe x2  
  33  3:53  Probe  
  33  3:55  Pylon  
  34  3:56  Probe  
  34  4:00  Immortal (Chrono Boost)  
  39  4:05  Probe  
  40  4:11  Gateway, Probe  
  41  4:17  Probe  
  41  4:18  Adept x2, Pylon  
  41  4:23  Probe  
  47  4:30  Probe  
  48  4:35  Probe  
  53  4:38  Immortal (Chrono Boost)  
  49  4:47  Adept x2  
  53  4:59  Gateway  
  53  5:00  Gateway  
  53  5:11  Sentry x2  
  57  5:22  Adept  
  59  5:43  Pylon  
  59  5:45  Pylon  
  61  5:58  Immortal (Chrono Boost)  
  54  6:14  Zealot x3  
  60  6:29  Cybernetics Core  
  60  6:30  Zealot x2  
  64  6:36  Immortal (Chrono Boost)  
  64  6:38  Gateway  
  68  6:40  Probe x2  
  68  6:43  Assimilator  
  70  6:49  Pylon  
  70  6:51  Pylon  
  70  6:52  Probe x2  
  72  6:54  Pylon  
  72  6:55  Pylon  
  72  7:04  Probe  
  71  7:16  Stalker x4  
  71  7:17  Stalker  
  71  7:21  Gateway x2  
  81  7:25  Gateway  
  66  7:42  Stalker x4  
Tags
 
Add a new tag
Caveats
  • Supply blocks, unpowered buildings, or Contaminate may cause inaccurate times.
  • Supply counts are checked every 10 seconds.